 Dungeon Crawl Stone Soup version 0.21.0-3-g78d12a8 (webtiles) character file.

104 Monsterracer the Grave Robber (level 4, -2/24 HPs)
             Began as a Deep Elf Necromancer on Jan 16, 2018.
             Was an Initiate of Cheibriados.
             Slain by an orc
             ... wielding a +0 short sword
              (5 damage)
             ... on level 2 of the Dungeon.
             The game lasted 00:03:42 (2405 turns).

Monsterracer the Grave Robber (DENe)                Turns: 2405, Time: 00:03:43

Health: -2/24      AC:  3    Str:  6    XL:     4   Next: 52%
Magic:  1/12       EV: 13    Int: 22    God:    Cheibriados [......]
Gold:   75         SH:  0    Dex: 16    Spells: 4/11 levels left

rFire    . . .     SeeInvis +   f - +0 quarterstaff
rCold    . . .     Gourm    .   (shield currently unavailable)
rNeg     . . .     Faith    .   a - +1 robe
rPois    .         Spirit   .   (no helmet)
rElec    .         Reflect  .   (no cloak)
rCorr    .         Harm     .   (no gloves)
MR       .....                  (no boots)
Stlth    ++........             (no amulet)
HPRegen  0.08/turn              j - ring of see invisible
MPRegen  0.13/turn              (no ring)

@: very slow
A: no striking features
a: Bend Time, Renounce Religion


You were on level 2 of the Dungeon.
You worshipped Cheibriados.
Cheibriados was noncommittal.
You were hungry.

You visited 1 branch of the dungeon, and saw 2 of its levels.

You collected 75 gold pieces.

Inventory:

Hand Weapons
 f - a +0 quarterstaff (weapon)
Armour
 a - a +1 robe (worn)
Jewellery
 j - a ring of see invisible (left hand)
Scrolls
 d - 2 scrolls of identify
Potions
 g - a potion of degeneration
Books
 b - a book of Necromancy

   Spells                             Type                      Level
   a - Pain                           Necromancy                   1
   b - Animate Skeleton               Necromancy                   1
   c - Vampiric Draining              Necromancy                   3
   d - Regeneration                   Charms/Necromancy            3
   e - Animate Dead                   Necromancy                   4
   f - Borgnjor's Vile Clutch         Necromancy/Earth             5
Comestibles
 c - 5 rations
 h - a chunk of flesh


   Skills:
 - Level 2.4 Dodging
 - Level 2.4 Stealth
 + Level 4.4 Spellcasting
 * Level 6.5 Necromancy


You had 4 spell levels left.
You knew the following spells:

 Your Spells              Type           Power        Failure   Level  Hunger
a - Pain                  Necr           ####         1%          1    None
b - Regeneration          Chrm/Necr      ###.......   9%          3    ##.....
c - Vampiric Draining     Necr           ####......   2%          3    ##.....


Dungeon Overview and Level Annotations

Branches:
Dungeon (2/15)

Altars:
Cheibriados


Message History

h - 2 chunks of flesh Eating one of 2 chunks of flesh.
You eat one of the 2 chunks of flesh.
This raw flesh tastes terrible.
An orc priest is nearby!
An orc priest is nearby!
An orc is nearby!
MP restored: 12
Casting: Pain
Confirm with . or Enter, or press ? or * to list all spells.
Aiming: Vampiric Draining
Press: ? - help, Shift-Dir - straight line, f - orc wizard
Aim: an orc wizard, wielding a dagger and wearing a robe The orc wizard is moderately wounded.
You feel life coursing into your body.
The orc wizard casts a spell.
The orc wizard blinks!
The orc priest shouts!
You regained 2 hp, and now have 21/24 hp.
You now have 9/12 mp.
Casting: Vampiric Draining
Confirm with . or Enter, or press ? or * to list all spells.
Your skin crawls.
You are feeling hungry.
You regained 2 hp, and now have 23/24 hp.
You now have 6/12 mp.
The orc priest calls down the wrath of Beogh upon you.
Pain shoots through your body!
The orc wizard casts a spell.
The orc wizard seems to speed up.
You take 5 damage, and have 18/24 hp.
MASSIVE DAMAGE!!
Casting: Regeneration
Confirm with . or Enter, or press ? or * to list all spells.
Aiming: Pain
Press: ? - help, Shift-Dir - straight line, f/p - orc wizard
Aim: an orc wizard, wielding a dagger and wearing a robe (moderately wounded, fast, chance to defeat MR: 84%)
The orc wizard writhes in agony!
The orc shouts!
The orc priest misses you.
You now have 5/12 mp.
Casting: Pain
Confirm with . or Enter, or press ? or * to list all spells.
Aiming: Pain
Press: ? - help, Shift-Dir - straight line, f/p - orc wizard
Aim: an orc wizard, wielding a dagger and wearing a robe (almost dead, fast, chance to defeat MR: 84%)
The orc wizard writhes in agony!
You kill the orc wizard!
Cheibriados appreciates the change of pace.
The orc priest casts a cantrip, but nothing happens.
You now have 4/12 mp.
Casting: Pain
Confirm with . or Enter, or press ? or * to list all spells.
Aiming: Pain
Press: ? - help, Shift-Dir - straight line, f - orc priest
Aim: an orc priest (chance to defeat MR: 84%)
The orc priest barely resists.
You now have 3/12 mp.
Casting: Pain
Confirm with . or Enter, or press ? or * to list all spells.
Aiming: Pain
Press: ? - help, Shift-Dir - straight line, f/p - orc priest
Aim: an orc priest (chance to defeat MR: 84%)
The orc priest writhes in agony!
The orc priest hits you. The orc hits you with a short sword.
* * * LOW HITPOINT WARNING * * *
You take 7 damage, and have 11/24 hp.
MASSIVE DAMAGE!!
Casting: Pain
Confirm with . or Enter, or press ? or * to list all spells.
Aiming: Vampiric Draining
Press: ? - help, Shift-Dir - straight line, f/p - orc priest
Aim: an orc priest (moderately wounded)
The orc priest is almost dead.
You feel life coursing into your body.
Your skin is crawling a little less now.
The orc priest closely misses you. The orc hits you with a short sword.
* * * LOW HITPOINT WARNING * * *
You take 1 damage, and have 10/24 hp.
You now have 0/12 mp.
You barely miss the orc priest.
The orc priest is almost dead.
The orc priest hits you.
* * * LOW HITPOINT WARNING * * *
The orc hits you with a short sword.
* * * LOW HITPOINT WARNING * * *
The orc priest completely misses you.
You take 6 damage, and have 4/24 hp.
MASSIVE DAMAGE!!
You hit the orc priest but do no damage.
The orc priest is almost dead.
The orc misses you. The orc priest hits you.
* * * LOW HITPOINT WARNING * * *
You take 2 damage, and have 2/24 hp.
You regained 2 hp, and now have 4/24 hp.
You barely miss the orc.
Your skin stops crawling.
The orc priest begins to cast a cantrip, but forgets the words!
The orc barely misses you. The orc hits you with a short sword.
* * * LOW HITPOINT WARNING * * *
You take 1 damage, and have 3/24 hp.
You hit the orc.
The orc is lightly wounded.
The orc hits you with a short sword.
You die...

........#.....................#
........#........###..........#
####.............# #..........#
+.............# #...........
#.........)...###...........
.........#....#.............
.......)................
##....#................. #...
#@##..............
#....#o##....o.........
#.....oo..)............
#.....#................
.......#...............#
........................
........................
........................
......................รท.


You could see an orc priest and 2 orcs.

Vanquished Creatures
  An orc wizard (D:2)
  A gnoll (D:1)
  2 adders (D:2)
  A worm (D:2)
  5 dart slugs
  3 bats
  3 giant cockroaches
  2 goblins
  3 hobgoblins (D:1)
  2 frilled lizards (D:1)
  6 kobolds
  11 rats
40 creatures vanquished.

Notes
Turn   | Place    | Note
-------+----------+-------------------------------------------
     0 | D:1      | Monsterracer the Deep Elf Necromancer began the quest for the Orb.
     0 | D:1      | Reached XP level 1. HP: 10/10 MP: 6/6
   350 | D:1      | Reached skill level 5 in Necromancy
   540 | D:1      | Reached XP level 2. HP: 7/15 MP: 0/8
  1208 | D:1      | Reached XP level 3. HP: 19/19 MP: 8/10
  1213 | D:1      | Learned a level 3 spell: Vampiric Draining
  1217 | D:1      | Learned a level 3 spell: Regeneration
  1627 | D:2      | Found a snail-covered altar of Cheibriados.
  1762 | D:2      | Reached skill level 6 in Necromancy
  1919 | D:2      | Became a worshipper of Cheibriados the Contemplative
  2178 | D:2      | HP: 6/19 [orc priest/divine providence (13)]
  2319 | D:2      | Reached XP level 4. HP: 17/24 MP: 8/12
  2399 | D:2      | HP: 11/24 [orc/short sword (4)]
  2401 | D:2      | HP: 4/24 [orc/short sword (3)]
  2405 | D:2      | Slain by an orc

Skill      XL: |  1  2  3 |
---------------+----------+-----
Necromancy     | 5 6 |  6.5
Spellcasting   | 4 |  4.4
Dodging        | |  2.4
Stealth        | |  2.4

Action                   |  1- 3 |  4- 6 || total
-------------------------+-------+-------++-------
Melee: Spear             |     6 |       ||     6
       Quarterstaff      |       |     4 ||     4
 Cast: Pain              |    66 |     8 ||    74
       Vampiric Draining |       |     2 ||     2
       Regeneration      |       |     1 ||     1
  Use: Scroll            |     4 |       ||     4
       Potion            |     1 |       ||     1
  Eat: Chunk             |     3 |     1 ||     4
Armor: Robe              |     2 |       ||     2
Dodge: Dodged            |    10 |     5 ||    15

Vault maps used:
D:1:      dpeg_arrival_solitude, serial_corexii_hall, corexii_hall_statues_x,
          corexii_hall_statues_t, kennysheep_decorative_pillar, st_stairs_12
D:2:      lemuel_crystal_altar
